 Dungeon Crawl Stone Soup version 0.30.1-9-gdf580d7c3d (webtiles) character file.

Game seed: 12144881828725375003

53 KittyFluff the Trooper (level 3, -2/23 HPs)
             Began as a Gargoyle Berserker on Oct 18, 2023.
             Was a Believer of Trog.
             Slain by a hobgoblin (4 damage)
             ... led by Robin
             ... on level 2 of the Dungeon.
             The game lasted 00:03:57 (961 turns).

KittyFluff the Trooper (Gargoyle Berserker)          Turns: 961, Time: 00:03:57

Health: -2/23      AC:  6    Str: 22    XL:     3   Next: 87%
Magic:  3/3        EV: 12    Int:  7    God:    Trog [**....]
Gold:   75         SH:  0    Dex: 15    Spells: 2/2 levels left

rFire   . . .        a - +0 mace
rCold   . . .        (no shield)
rNeg    + . .        f - +0 leather armour
rPois   ∞            (no helmet)
rElec   +            (no cloak)
rCorr   .            (no gloves)
SInv    .            (no boots)
Will    .....        (no amulet)
Stlth   +            h - +6 ring of dexterity
HPRegen 0.23/turn    (no ring)
MPRegen 0.08/turn

%: no passive effects
@: no status effects
A: sickness immunity, AC +3, negative energy resistance 1, electricity
resistance, torment resistance 1, petrification resistance
a: Renounce Religion, Berserk, Trog's Hand


You were on level 2 of the Dungeon.
You worshipped Trog.
Trog was pleased with you.
You visited 1 branch of the dungeon, and saw 2 of its levels.

You collected 75 gold pieces.

Inventory:

Hand Weapons
 a - a +0 mace (weapon)
 d - a +0 sling
Missiles
 b - 4 poisoned darts (quivered)
Armour
 f - a +0 leather armour (worn)
Jewellery
 h - a +6 ring of dexterity (left hand)
Potions
 i - a potion of haste {unknown}
 j - 2 potions of flight {unknown}
 k - a potion of magic {unknown}
 l - a potion of ambrosia {unknown}


   Skills:
 + Level 3.6 Fighting
 * Level 3.6 Maces & Flails
 * Level 3.1 Armour
 + Level 2.0 Dodging


You had 2 spell levels left.
You didn't know any spells.
Your spell library was empty.

Dungeon Overview and Level Annotations

Branches:
Dungeon (2/15)

Altars:

Annotations:
D:1 1 transporter
D:2 Jessica, Robin


Innate Abilities, Weirdness & Mutations

You are immune to sickness and miasma.
Your stone body is resilient. (AC +3)
You are immune to poison.
You resist negative energy. (rN+)
You are resistant to electric shocks. (rElec)
You are resistant to unholy torment.
You are immune to petrification.


Message History

The goblin hits you but does no damage.
A goblin comes into view. It is wielding a +0 club.
You closely miss the goblin. The goblin completely misses you. x2
The hobgoblin hits you.
You hit the goblin.
You kill the goblin!
Trog accepts your kill. The goblin hits you with a +0 dagger.
The hobgoblin hits you but does no damage.
You hit the hobgoblin.
The hobgoblin is severely wounded.
The hobgoblin hits you. The goblin hits you with a +0 dagger.
The hobgoblin closely misses you. The hobgoblin hits you.
A goblin comes into view. It is wielding a +0 club.
An endoplasm comes into view.
The hobgoblin hits you. The goblin barely misses you.
As you read the scroll labelled NIGRIA JOCVEHU, it crumbles to dust.
You feel aware of your surroundings.
You sensed 1 shop/portal.
It was a scroll of magic mapping.
The hobgoblin no longer looks unusually strong.
The hobgoblin closely misses you. The goblin hits you but does no damage.
The hobgoblin barely misses you.
As you read the scroll labelled RASKOU BE KEU, it crumbles to dust.
The creatures around you are filled with an inner flame!
It was a scroll of immolation.
The hobgoblin no longer looks unusually strong.
The hobgoblin hits you. The hobgoblin closely misses you.
The goblin hits you but does no damage.
As you read the scroll labelled JOAMOA OMOFI, it crumbles to dust.
It is a scroll of amnesia.
You feel forgetful for a moment. The hobgoblin hits you.
* * * LOW HITPOINT WARNING * * *
The hobgoblin barely misses you. The goblin hits you with a +0 dagger.
* * * LOW HITPOINT WARNING * * *
Okay, then.
You barely miss the goblin.
The hobgoblin no longer looks unusually strong.
The hobgoblin closely misses you. The goblin hits you but does no damage.
The hobgoblin hits you.
You die...

*,,,* *,**,,*,,,,,*,,*
*,********,*#..#.....#..# *,*
*,,,,,*#...........# *,*
*,*#*,##..#........#
*****,***#,*#.,,............#
,,,,,,,,,.<###.##...........###**
*****,***.....!..@............,,,
*,,,,,..#.g.##g.####.#..#*****
*,,,,*>...ggg@g.........#
*,,,,*###..g###.#..#....## *,,,,*
#..,,...##†#.....# ** *,,,,*
##**###.##.###.### *, *,,,,*
#.##...#.# *, *,,,,* #.####.#.##
*, *,,,,* ***#.#.......#####.
*,,,,* *,,..#.............
******* *,,,,#.......######


You could see Robin, Jessica (inner flame), 4 hobgoblins and 2 goblins.

Vanquished Creatures
  An adder (D:2)
  2 dart slugs (D:1)
  5 ball pythons
  5 endoplasms
  3 giant cockroaches (D:1)
  4 goblins
  3 hobgoblins (D:1)
  3 quokkas
  7 bats (D:1)
  3 kobolds (D:1)
  A rat (D:1)
37 creatures vanquished.

Notes
Turn   | Place    | Note
-------+----------+-------------------------------------------
     0 | D:1      | KittyFluff the Gargoyle Berserker began the quest for the
                  | Orb.
     0 | D:1      | Reached XP level 1. HP: 14/14 MP: 1/1
    67 | D:1      | Reached XP level 2. HP: 15/19 MP: 2/2
   578 | D:1      | Reached ** piety under Trog
   579 | D:1      | Reached XP level 3. HP: 23/23 MP: 3/3
   948 | D:2      | Noticed Robin
   949 | D:2      | Noticed Jessica
   961 | D:2      | Slain by a hobgoblin

Illustrated notes

Levels and vault maps discovered:
D:1:      spicycebolla_arrival_risky_transporter, layout_basic,
          minmay_close_crescents
D:2:      layout_basic, serial_shops, nicolae_diamond_shop,
          chequers_serial_rivers_micro_c, uniq_jessica, uniq_robin

Skill      XL: |  1  2  3 |
---------------+----------+-----
Dodging        | 2 |  2.0
Armour         | 3 |  3.1
Fighting       | |  3.6
Maces & Flails | |  3.6

Action                     || total
---------------------------++-------
  Melee: Mace              ||   135
    Use: Scroll            ||     3
 Armour: Animal skin       ||    26
         Leather armour    ||    57
  Dodge: Dodged            ||   108
